 Dungeon Crawl Stone Soup version 0.21-a0-237-g87df72b (webtiles) character file.

81 Hocus the Insei (level 4, -6/35 HPs)
             Began as a Draconian Transmuter on Sept 2, 2017.
             Mangled by an orc warrior
             ... wielding a +0 flail
              (13 damage)
             ... on level 4 of the Dungeon.
             The game lasted 00:03:03 (1461 turns).

Hocus the Insei (Draconian Transmuter)              Turns: 1461, Time: 00:03:04

Health: -6/35      AC:  5    Str: 12    XL:     4   Next: 19%
Magic:  6/7        EV: 12    Int: 13    God:
Gold:   51         SH:  0    Dex: 13    Spells: 6/7 levels left

rFire    x . .     SeeInvis .     - Unarmed
rCold    + . .     Gourm    +   (no shield)
rNeg     . . .     Faith    .   (armour unavailable)
rPois    .         Spirit   .   (helmet restricted)
rElec    .         Reflect  .   (no cloak)
rCorr    .         Harm     .   (no gloves)
MR       .....                  (no boots)
Stlth    +.........             j - amulet of the gourmand
HPRegen  0.11/turn              e - ring of ice
MPRegen  0.10/turn              (no ring)

@: appendage (expiring)
A: unfitting armour, horns 2, cold-blooded, AC +5
a: End Transformation


You were on level 4 of the Dungeon.
You were not hungry.
You had grown temporary horns.
You visited 1 branch of the dungeon, and saw 3 of its levels.

You collected 51 gold pieces.

Inventory:

Missiles
 a - 12 arrows
Jewellery
 e - a ring of ice (left hand)
 j - an amulet of the gourmand (around neck)
Scrolls
 h - a scroll of fog {unknown}
 k - a scroll of identify {unknown}
 m - a scroll of teleportation {unknown}
 n - a scroll of remove curse {unknown}
Potions
 d - a potion of might
 f - 2 potions of heal wounds {unknown}
 g - a potion of curing {unknown}
 i - a potion of flight {unknown}
 l - a potion of haste {unknown}
Books
 b - a book of Changes

   Spells                             Type                      Level
   a - Beastly Appendage              Transmutation                1
   b - Sticks to Snakes               Transmutation                2
   c - Spider Form                    Transmutation/Poison         3
   d - Ice Form                       Ice/Transmutation            4
   e - Blade Hands                    Transmutation                5
Comestibles
 c - 2 bread rations


   Skills:
 - Level 1.1 Fighting
 - Level 1.7 Dodging
 + Level 5.1 Unarmed Combat
 - Level 2.0 Spellcasting
 - Level 2.0 Transmutations


You had 6 spell levels left.
You knew the following spells:

 Your Spells              Type           Power        Failure   Level  Hunger
a - Beastly Appendage     Tmut           #.....       11%         1    ##.....


Dungeon Overview and Level Annotations

Branches:
Dungeon (2/15)

Altars:

Annotations:
D:4 enarc13's ghost, amateur DENe


Innate Abilities, Weirdness & Mutations

Your plain brown scales are hard. (AC +5)
You cannot fit into any form of body armour.
You are cold-blooded and may be slowed by cold attacks.
You have a pair of horns on your head.


Message History

The orc warrior drinks a potion.
The orc warrior seems to grow stronger.
You hit the jackal.
The jackal is severely wounded.
The jackal bites you but does no damage.
You hit the jackal but do no damage.
The jackal is severely wounded.
The jackal barely misses you. The orc warrior hits you with a flail!
* * * LOW HITPOINT WARNING * * *
The jackal bites you.
* * * LOW HITPOINT WARNING * * *
You closely miss the jackal. Your headbutt misses the jackal.
You tail-slap the jackal.
The jackal is almost dead.
The jackal bites you.
* * * LOW HITPOINT WARNING * * *
The orc warrior misses you.
You closely miss the jackal.
Your tail-slap misses the jackal.
The jackal is almost dead.
The jackal closely misses you. The orc warrior hits you with a flail!
You die...

#.#.#####.##.#.##
##.....######.###
#..............#
#.........####
#....######
#....####...
#....'$...#
#....####.####
.#######..h@o...%#
.......#..###.#..#
#.......# #
#.....h.#
#.......#
#.......#
#.......#
#.......'
#.......o


You could see an orc warrior and a jackal.

Vanquished Creatures
  A hound (D:4)
  An adder (D:2)
  A dart slug (D:2)
  An orc (D:4)
  2 giant cockroaches
  3 goblins
  5 hobgoblins (D:1)
  2 jackals
  9 kobolds
  7 bats
  3 frilled lizards
  5 rats
40 creatures vanquished.

Notes
Turn   | Place    | Note
-------+----------+-------------------------------------------
     0 | D:1      | Hocus the Draconian Transmuter began the quest for the Orb.
     0 | D:1      | Reached XP level 1. HP: 16/16 MP: 3/3
   155 | D:1      | Reached XP level 2. HP: 18/23 MP: 5/5
   553 | D:1      | Reached skill level 4 in Unarmed Combat
  1044 | D:2      | Reached XP level 3. HP: 23/28 MP: 6/6
  1420 | D:2      | You fall through a shaft for 2 floors!
  1423 | D:4      | Noticed enarc13's ghost (amateur DENe)
  1451 | D:4      | Reached skill level 5 in Unarmed Combat
  1451 | D:4      | Reached XP level 4. HP: 26/35 MP: 5/7
  1456 | D:4      | Noticed an orc warrior
  1461 | D:4      | Mangled by an orc warrior

Vault maps used:
D:1:      dpeg_arrival_lava_altar, corexii_item_surrounded_by_moat,
          minmay_small_reverse_x
D:2:      wad_pebble_path, zin_academy, overflow_temple_1_default, uniq_sigmund
D:4:      tgw_sif, first_bread

Skill      XL: |  1  2  3 |
---------------+----------+-----
Unarmed Combat | 4 5 |  5.1
Fighting       | |  1.1
Dodging        | |  1.7
Spellcasting   | |  2.0
Transmutations | |  2.0

Action                   |  1- 3 |  4- 6 || total
-------------------------+-------+-------++-------
Melee: Unarmed           |   142 |    10 ||   152
       Tailslap          |    12 |     1 ||    13
       Kick              |     5 |       ||     5
       Headbutt          |     2 |       ||     2
       Punch             |     1 |       ||     1
 Cast: Beastly Appendage |     4 |       ||     4
  Eat: Chunk             |     4 |       ||     4
Armor: Skin              |    63 |     1 ||    64
Dodge: Dodged            |   125 |     5 ||   130

Table legend:
 A = Spawn XP
 B = Non-spawn XP
 C = Spawn XP percentage of total XP
 D = Spawn monster count
 E = Non-spawn monster count
 F = Spawn count percentage of total count
 G = Total turns spent on level
                    A         B        C        D         E        F      G
               +---------+---------+-------+---------+---------+-------+---------
         Total |       8 |     108 |   6.9 |       5 |      35 |  12.5 |  1461
               +---------+---------+-------+---------+---------+-------+---------
           D:1 |       7 |      28 |  20.0 |       4 |      20 |  16.7 |  1012
           D:2 |       1 |      33 |   2.9 |       1 |      12 |   7.7 |   408
           D:4 |       0 |      47 |   0.0 |       0 |       3 |   0.0 |    41
               +---------+---------+-------+---------+---------+-------+---------
